 Dungeon Crawl Stone Soup version 0.30.0-30-g96aa6591b8 (webtiles) character file.

Game seed: 14558532665526127036

307 Dordric the Slasher (level 6, -8/43 HPs)
             Began as a Djinni Warper on June 30, 2023.
             Mangled by a gnoll
             ... wielding a +0 halberd
              (10 damage)
             ... on level 4 of the Dungeon.
             The game lasted 00:03:54 (3896 turns).

Dordric the Slasher (Djinni Warper)                 Turns: 3896, Time: 00:03:54

Health: -8/43      AC:  7    Str: 10    XL:     6   Next: 68%
Gold:   196        EV: 10    Int: 14    God:
                   SH:  0    Dex: 15

rFire   + + .        t - +4 whip
rCold   . . .        (no shield)
rNeg    . . .        j - +0 ring mail
rPois   ∞            w - +0 helmet
rElec   .            m - +0 cloak
rCorr   +            (no gloves)
SInv    .            (boots unavailable)
Will    .....        (no amulet)
Stlth   +            i - ring of protection from cold
HPRegen 0.27/turn    A - ring of resist corrosion
MPRegen 0.00/turn

%: infuse magic (-9 HP)
@: flying
A: sickness immunity, fire resistance 2, cold vulnerability 1, float, innate
caster, HP casting, extra vitality 1
a: no special abilities


You were on level 4 of the Dungeon.
You visited 1 branch of the dungeon, and saw 4 of its levels.

You collected 196 gold pieces.

Inventory:

Hand Weapons
 a - a +0 falchion
 t - a +4 whip (weapon)
 C - a +0 sling
Missiles
 d - 7 boomerangs of dispersal (quivered)
 k - 5 boomerangs
Armour
 b - a +0 leather armour
 j - a +0 ring mail (worn)
 m - a +0 cloak (worn)
 w - a +0 helmet (worn)
 D - a +0 kite shield
Jewellery
 i - a ring of protection from cold (left hand)
 y - a ring of ice
 A - a ring of resist corrosion (right hand)
Wands
 z - a wand of flame (19)
Scrolls
 c - 2 scrolls of blinking
 g - a scroll of teleportation
 h - 2 scrolls of poison
 n - a scroll of vulnerability
 q - a scroll of magic mapping
 r - a scroll of torment
 s - 2 scrolls of summoning
 u - 4 scrolls of fear
Potions
 f - 2 potions of lignification
 l - a potion of haste
 o - a potion of degeneration {unknown}
 p - 2 potions of heal wounds {unknown}
 v - a potion of curing {unknown}
 x - a potion of brilliance {unknown}
 B - a potion of mutation {unknown}


   Skills:
 - Level 2.0 Fighting
 + Level 6.0 Long Blades
 - Level 0.7 Throwing
 - Level 1.0 Armour
 - Level 2.1 Dodging
 - Level 2.4 Spellcasting


You knew the following spells:

 Your Spells              Type           Power      Damage    Failure   Level
a - Blink                 Tloc           16%        N/A       32%         2
b - Lesser Beckoning      Tloc           16%        N/A       32%         2
c - Vhi's Electric Charg  Tloc/Air       16%        N/A       54%         3
d - Teleport Other        Tloc           8%         N/A       54%         3
e - Manifold Assault      Tloc           8%         N/A       91%         4
f - Beastly Appendage     Tmut           16%        N/A       22%         1
g - Searing Ray           Conj           16%        2d5       32%         2
Your spell library was empty.

Dungeon Overview and Level Annotations

Branches:
Dungeon (4/15)
 Temple: D:4-7

Altars:


Innate Abilities, Weirdness & Mutations

You are immune to sickness and miasma.
You are immune to poison.
Your flesh is very heat resistant. (rF++)
You are vulnerable to cold. (rC-)
You float through the air rather than walking.
You learn spells naturally, not from books.
Your magical power is your life essence.
You have superior vitality. (+4 MHP)


Message History

You see here a book of Displacement.
The gnoll hits you with a +0 halberd.
You completely miss the gnoll. The gnoll hits you with a +0 halberd!
A gnoll comes into view. It is wielding a +0 halberd.
The gnoll hits you with a +0 halberd.
A gnoll comes into view. It is wielding a +0 whip.
You are too injured to fight recklessly!
You are too injured to fight recklessly!
You are too injured to fight recklessly!
You are too injured to fight recklessly!
You are too injured to fight recklessly!
You are too injured to fight recklessly!
You are too injured to fight recklessly!
You are too injured to fight recklessly!
You are too injured to fight recklessly!
You are too injured to fight recklessly!
You are too injured to fight recklessly!
You are too injured to fight recklessly!
The gnoll shouts!
You hear a shout!
The gnoll hits you from afar with a +0 halberd.
A gnoll comes into view. It is wielding a +0 club.
You see here a book of Displacement.
There is a stone staircase leading up here.
The gnoll barely misses you.
The gnoll throws a throwing net.
The throwing net hits you.
You become entangled in the net!
You stop ascending the stairs.
There are monsters nearby!
You struggle against the net.
The gnoll hits you from afar with a +0 halberd!
* * * LOW HITPOINT WARNING * * *
You struggle against the net.
The gnoll hits you from afar with a +0 halberd!
* * * LOW HITPOINT WARNING * * *
You tear a large gash into the net.
The gnoll barely misses you.
Casting: Beastly Appendage (safe; 22% risk of failure)
Confirm with . or Enter, or press ? or * to list all spells.
You don't have enough health to cast this spell.
You shred the net and break free!
The gnoll hits you from afar with a +0 halberd!
You die...

#.#.##....#.# ###...# #.#
..#.##....#.# #...# #.# ##
###.##.##.#.# #...# #.# #...
###.##.##.#.# #...# #.##g..#.
....##......# #...#####........
.########.#######..........####..
.########.#................#
.##...............g.g:.....#
.##.##....#....[@.gg.......#
.##.##....##.##.#....####..#
.##.##...###.##.#.............
....##...###.##.#....########.#
##....†.[....##.#....# #
#......#######.#....# ## #
##.###.## #).....# #. .# ...###.#
#......# #.###.. #......#
#.##.#.# ..#...


You could see 4 gnolls.

Vanquished Creatures
  A scorpion (D:4)
  A howler monkey (D:4)
  A sleepcap (D:4)
  2 orc wizards (D:4)
  6 adders
  A white imp (D:4)
  9 orcs
  6 bats
  4 endoplasms
  2 giant cockroaches
  8 goblins
  7 hobgoblins
  3 quokkas
  7 ball pythons
  6 frilled lizards
  6 kobolds
  4 rats
74 creatures vanquished.

Notes
Turn   | Place    | Note
-------+----------+-------------------------------------------
     0 | D:1      | Dordric the Djinni Warper began the quest for the Orb.
     0 | D:1      | Dordric set off with the following spells memorised: Blink,
                  | Lesser Beckoning, Vhi's Electric Charge, Teleport Other,
                  | Manifold Assault.
     0 | D:1      | Reached XP level 1. HP: 18/18 MP: 0/0
    99 | D:1      | Reached skill level 2 in Long Blades
   225 | D:1      | Reached XP level 2. HP: 23/23 MP: 0/0
   942 | D:2      | Reached skill level 3 in Long Blades
   942 | D:2      | Reached XP level 3. HP: 15/28 MP: 0/0
   942 | D:2      | Learned a level 1 spell: Beastly Appendage
  1229 | D:2      | Reached XP level 4. HP: 33/33 MP: 0/0
  2017 | D:3      | Reached skill level 4 in Long Blades
  2541 | D:3      | Reached XP level 5. HP: 38/38 MP: 0/0
  2541 | D:3      | Learned a level 2 spell: Searing Ray
  2730 | D:4      | Reached skill level 5 in Long Blades
  2730 | D:4      | Reached XP level 6. HP: 32/43 MP: 0/0
  3861 | D:4      | Reached skill level 6 in Long Blades
  3894 | D:4      | HP: 1/43 [gnoll/+0 halberd (9)]
  3896 | D:4      | Mangled by a gnoll

Illustrated notes

Levels and vault maps discovered:
D:1:      tarquinn_simple_flora_water_c, layout_loops_ring, patterned_corridor
D:2:      layout_loops_cross, minmay_pentomino_p4
D:3:      layout_basic
D:4:      layout_loops_cross, gammafunk_temple_overflow_pools,
          minmay_temple_entry_slanted

Skill      XL: |  1  2  3  4  5  6 |
---------------+-------------------+-----
Long Blades    | 2 3 4 5 6 |  6.0
Fighting       | |  2.0
Throwing       | |  0.7
Armour         | |  1.0
Dodging        | |  2.1
Spellcasting   | |  2.4

Action                     |  1- 3 |  4- 6 || total
---------------------------+-------+-------++-------
  Melee: Falchion          |    85 |    34 ||   119
         Punch             |     1 |     1 ||     2
         Whip              |       |   129 ||   129
         Headbutt          |       |     5 ||     5
   Cast: Beastly Appendage |       |     3 ||     3
    Use: Scroll            |       |     9 ||     9
 Armour: Leather armour    |    18 |       ||    18
         Ring mail         |    29 |    76 ||   105
  Dodge: Dodged            |    55 |   106 ||   161
